 Dungeon Crawl Stone Soup version 0.22-a0-136-g83a10e5 (webtiles) character file.

721 mhoghedin the Chiller (level 7, 0/56 HPs)
             Began as a Black Draconian Ice Elementalist on Feb 3, 2018.
             Slain by a wraith (13 damage)
             ... in an ossuary.
             The game lasted 00:10:44 (3697 turns).

mhoghedin the Chiller (DrIE)                        Turns: 3697, Time: 00:10:45

Health: 0/56       AC:  6    Str: 10    XL:     7   Next: 43%
Magic:  14/14      EV: 13    Int: 17    God:
Gold:   108        SH:  0    Dex: 12    Spells: 5/15 levels left

rFire    . . .     SeeInvis .   g - +2 war axe (chop)
rCold    . . .     Gourm    .   (no shield)
rNeg     . . .     Faith    +   (armour unavailable)
rPois    .         Spirit   .   i - +0 hat
rElec    +         Reflect  .   (no cloak)
rCorr    .         Harm     .   (no gloves)
MR       .....                  (no boots)
Stlth    ++........             f - amulet of faith {Faith, !P}
HPRegen  0.18/turn              (no ring)
MPRegen  0.14/turn              (no ring)

@: short of breath, slowed, very slow
A: breathe lightning, unfitting armour, electricity resistance, cold-blooded, AC
+6
a: Breathe Lightning


You were in an ossuary.
You were very hungry.

You visited 1 branch of the dungeon, and saw 4 of its levels.
You also visited: Ossuary.

You collected 108 gold pieces.

Inventory:

Hand Weapons
 g - a +2 war axe of chopping (weapon)
   (You took it off an orc on level 4 of the Dungeon)
Armour
 i - a +0 hat (worn)
   (You found it on level 2 of the Dungeon)
Jewellery
 f - an amulet of faith (around neck) {Faith, !P}
   (You found it on level 1 of the Dungeon)
Wands
 j - a wand of acid (9)
   (You found it on level 4 of the Dungeon)
Scrolls
 d - a scroll of magic mapping {unknown}
 e - 2 scrolls of remove curse
 h - 5 scrolls of identify
 l - a scroll of enchant armour
 m - a scroll of immolation {!r}
 n - a scroll of acquirement {unknown}
 q - a scroll of silence {unknown}
Potions
 c - 2 potions of haste {unknown}
 k - 3 potions of heal wounds
 o - a potion of berserk rage {unknown}
 p - 2 potions of lignification {unknown}
 r - 2 potions of curing {unknown}
Books
 a - a book of Frost
Comestibles
 b - 5 rations


   Skills:
 + Level 2.5 Fighting
 + Level 2.9 Dodging
 - Level 1.7 Stealth
 - Level 4.8 Spellcasting
 - Level 2.4 Conjurations
 - Level 5.7 Ice Magic


You had 5 spell levels left.
You knew the following spells:

 Your Spells              Type           Power        Failure   Level  Hunger
a - Freeze                Ice            ###.         1%          1    None
b - Summon Ice Beast      Ice/Summ       ##......     41%         4    ####...
x - Throw Frost           Conj/Ice       ###...       4%          2    #......
A - Ozocubu's Armour      Chrm/Ice       ##......     13%         3    ###....


Dungeon Overview and Level Annotations

Branches:
Dungeon (4/15)
 Temple: D:4-7

Altars:
Qazlal

Annotations:
D:4 Robin


Innate Abilities, Weirdness & Mutations

You can breathe wild blasts of lightning.
Your glossy black scales are hard. (AC +6)
You cannot fit into any form of body armour.
You are resistant to electric shocks. (rElec)
You are cold-blooded and may be slowed by cold attacks.


Message History

Health restored: 51
c - a red potion
e - a scroll of remove curse
n - a scroll labeled CYOHOQUCUP You open the door.
There is an open door here.
The flying skull gives a hideous shriek!
You open the door.
There is an open door here.
k - 3 potions of heal wounds (gained 1)
o - a fuming purple potion
c - 2 red potions (gained 1)
e - 2 scrolls of remove curse (gained 1)
p - 2 black potions
q - a scroll labeled RISCHE DANIN
r - a fizzy clear potion
r - 2 fizzy clear potions (gained 1)
h - 5 scrolls of identify (gained 1)
The flying skull gives a hideous shriek!
You open the door.
A wight comes into view. It is wielding an enchanted mace.
There is an open door here.
The helpless wight fails to defend itself.
You hit the wight but do no damage.
The wight hits you with an enchanted mace.
You feel drained.
You take 7 damage, and have 44/51 hp.
Okay, then.
Unknown command.
You breathe a wild blast of lightning!
You hear a mighty clap of thunder! x2
The bolt of lightning misses the wight.
The bolt of lightning hits the wight.
You hear a clap of thunder!
You feel somewhat more hungry.
You hear a hideous shriek! x2
The wight hits you with an enchanted mace.
You feel drained.
You take 5 damage, and have 39/51 hp.
You hit the wight.
You tail-slap the wight, but do no damage.
The wight hits you with an enchanted mace!
You take 10 damage, and have 29/51 hp.
You hit the wight.
You destroy the wight!
Your base Fighting skill increases to level 1!
Things that are here:
an enchanted mace; a robe You close the door.
You start resting.
You have got your breath back.
You regained 2 hp, and now have 32/52 hp.
You start resting.
You are feeling very hungry.
You regained 10 hp, and now have 42/52 hp.
Unknown command.
You open the door.
There is an open door, spattered with blood here.
The flying skull gives a hideous shriek!
There is an open door here.
A wraith comes into view.
You regained 2 hp, and now have 44/52 hp.
The flying skull gives a hideous shriek!
You catch the helpless wraith completely off-guard!
You hit the wraith. The wraith hits you. The wraith drains your vigour!
You feel yourself slow down. The wraith hits you.
The wraith drains your vigour!
You feel as though you will be slow longer.
You take 10 damage, and have 34/52 hp.
You hit the wraith but do no damage. The wraith hits you but does no damage.
The wraith misses you.
A wraith comes into view.
Unknown command.
The wraith hits you.
You take 5 damage, and have 30/52 hp.
You barely miss the wraith. The wraith hits you. The wraith drains your vigour!
You feel as though you will be slow longer.
The wraith hits you. The wraith drains your vigour!
You feel as though you will be slow longer.
You take 6 damage, and have 24/52 hp.
Okay, then.
That's the wrong kind of item! (Use * to select it.)
Okay, then.
Unknown command.
You closely miss the wraith. The wraith closely misses you. x2
You barely miss the wraith.
Your tail-slap misses the wraith.
The wraith misses you. The wraith hits you. The wraith drains your vigour!
You feel as though you will be slow longer.
You take 4 damage, and have 20/52 hp.
You breathe a wild blast of lightning!
You hear a mighty clap of thunder!
The zap hits the wraith. x2; The orb of electricity explodes!
The orb of electricity engulfs the wraith.
You destroy the wraith!
Your life force feels restored.
Your Fighting skill increases to level 2!
The orb of electricity engulfs the wraith.
The orb of electricity engulfs you! You resist.
* * * LOW HITPOINT WARNING * * *
You feel somewhat more hungry. The wraith hits you!
You die...

#.............#
#.............#
#.###.W...###.#
#.#z#.....#z#.#
#.###.....###.#
#.............#
#.............#
#.###.###.###W#
#.#)#.#z#.#.#@#
#.'##.###.##'.#
#.............#
###############


You could see a wraith and a flying skull.

Vanquished Creatures
  The ghost of stickyfingers the Shield-Bearer, an amateur OpCK of Xom (D:4)
  A wraith (Ossuary)
  A wight (Ossuary)
  A centaur zombie (Ossuary)
  A jelly (D:3)
  An orc wizard (D:2)
  Jessica (D:3)
  Natasha (twice) (D:4)
  A worker ant (D:4)
  6 adders
  4 gnolls (D:3)
  An adder zombie (Ossuary)
  3 dart slugs
  9 orcs
  7 bats
  5 giant cockroaches
  3 goblins
  4 hobgoblins
  4 kobolds
  2 ball pythons
  3 ball python skeletons (Ossuary)
  5 frilled lizards
  A hobgoblin skeleton (Ossuary)
  2 kobold zombies (Ossuary)
  An orc skeleton (Ossuary)
  An orc zombie (Ossuary)
  7 rats
78 creatures vanquished.

Notes
Turn   | Place    | Note
-------+----------+-------------------------------------------
     0 | D:1      | mhoghedin the Draconian Ice Elementalist began the quest for the Orb.
     0 | D:1      | Reached XP level 1. HP: 14/14 MP: 3/3
   290 | D:1      | Reached XP level 2. HP: 20/20 MP: 0/5
   979 | D:1      | Learned a level 2 spell: Throw Frost
  1108 | D:2      | Reached XP level 3. HP: 18/26 MP: 0/7
  1383 | D:2      | Found a stormy altar of Qazlal.
  1461 | D:2      | Learned a level 3 spell: Ozocubu's Armour
  1534 | D:2      | Reached skill level 3 in Spellcasting
  1609 | D:2      | Reached skill level 4 in Ice Magic
  1609 | D:2      | Reached XP level 4. HP: 33/33 MP: 1/8
  2323 | D:3      | Reached XP level 5. HP: 38/38 MP: 0/10
  2547 | D:3      | Reached skill level 4 in Spellcasting
  2555 | D:3      | Learned a level 4 spell: Summon Ice Beast
  2759 | D:3      | Noticed Jessica
  2765 | D:3      | Killed Jessica
  2765 | D:3      | Reached skill level 5 in Ice Magic
  3045 | D:4      | Noticed Robin
  3257 | D:4      | Reached XP level 6. HP: 44/45 MP: 5/12
  3356 | D:4      | Noticed Natasha
  3363 | D:4      | Killed Natasha
  3366 | D:4      | Noticed stickyfingers's ghost (amateur OpCK)
  3372 | D:4      | Killed stickyfingers's ghost
  3372 | D:4      | Reached skill level 2 in Conjurations
  3382 | D:4      | Noticed Natasha
  3387 | D:4      | Killed Natasha
  3394 | D:4      | Found a sand-covered staircase.
  3401 | Ossuary  | Entered an ossuary
  3464 | Ossuary  | Reached skill level 2 in Dodging
  3464 | Ossuary  | Your scales start taking on a glossy black colour.
  3464 | Ossuary  | Reached XP level 7. HP: 40/51 MP: 14/14
  3464 | Ossuary  | Gained mutation: You are resistant to electric shocks. (rElec) [Black Draconian growth]
  3566 | Ossuary  | Noticed a flying skull
  3566 | Ossuary  | Noticed a wraith
  3572 | Ossuary  | Noticed a flying skull
  3597 | Ossuary  | Noticed a flying skull
  3598 | Ossuary  | Noticed a flying skull
  3607 | Ossuary  | Reached skill level 1 in Fighting
  3688 | Ossuary  | Noticed a wraith
  3692 | Ossuary  | Noticed a wraith
  3697 | Ossuary  | Killed a wraith
  3697 | Ossuary  | Reached skill level 2 in Fighting
  3697 | Ossuary  | HP: 13/56 [bounced beam (9)]
  3697 | Ossuary  | Slain by a wraith

Vault maps used:
D:1:      dpeg_arrival_subterranean_lakeside_camping, serial_co_window_serial,
          co_window_paths_a, co_window_cross_1, co_window_paths_b,
          co_window_paths_a, co_window_cross_1, co_window_2corner,
          co_window_2corner, co_window_broadway_c, co_window_corner_b,
          co_window_corner_b, co_window_corner_b, co_window_corner_b,
          glass_columns_b, glass_columns_a, glass_columns_b, glass_columns_a
D:2:      minmay_misc_feat_alley, grunt_qazlal_sundering
D:3:      serial_glass, glass_columns_a, glass_columns_a, uniq_jessica
D:4:      first_ration, nicolae_ossuary_entry_plus, uniq_natasha, uniq_robin,
          uniq_blork_the_orc
Ossuary:  ossuary_due_cavern

Skill      XL: |  1  2  3  4  5  6  7 |
---------------+----------------------+-----
Spellcasting   | 3 4 |  4.8
Ice Magic      | 4 5 |  5.7
Conjurations   | 2 |  2.4
Dodging        | 2 |  2.9
Fighting       | 2 |  2.5
Stealth        | |  1.7

Action                   |  1- 3 |  4- 6 |  7- 9 || total
-------------------------+-------+-------+-------++-------
Melee: Unarmed           |     4 |       |       ||     4
       Club              |    22 |    36 |       ||    58
       Tailslap          |     2 |     4 |     1 ||     7
       War axe           |       |    20 |    15 ||    35
 Cast: Freeze            |    42 |    52 |       ||    94
       Throw Frost       |     2 |    22 |       ||    24
 Abil: Breathe Lightning |       |       |     2 ||     2
Evoke: Wand              |       |     2 |       ||     2
  Use: Scroll            |       |     6 |       ||     6
       Potion            |       |     3 |       ||     3
 Stab: Sleeping          |     1 |     3 |     3 ||     7
       Invisible         |       |     2 |       ||     2
       Distracted        |       |       |     1 ||     1
  Eat: Chunk             |     3 |     3 |       ||     6
       Ration            |       |     1 |       ||     1
Armor: Skin              |    31 |    28 |     2 ||    61
Dodge: Dodged            |    52 |    77 |     6 ||   135

Table legend:
 A = Spawn XP
 B = Non-spawn XP
 C = Spawn XP percentage of total XP
 D = Spawn monster count
 E = Non-spawn monster count
 F = Spawn count percentage of total count
 G = Total turns spent on level
                    A         B        C        D         E        F      G
               +---------+---------+-------+---------+---------+-------+---------
         Total |       0 |    1031 |   0.0 |       0 |      78 |   0.0 |  3697
               +---------+---------+-------+---------+---------+-------+---------
           D:1 |       0 |      34 |   0.0 |       0 |      18 |   0.0 |  1017
           D:2 |       0 |      87 |   0.0 |       0 |      15 |   0.0 |   892
           D:3 |       0 |     215 |   0.0 |       0 |      24 |   0.0 |  1244
           D:4 |       0 |     375 |   0.0 |       0 |       9 |   0.0 |   248
       Ossuary |       0 |     320 |   0.0 |       0 |      12 |   0.0 |   296
               +---------+---------+-------+---------+---------+-------+---------

Vault maps used:
D:1:      dpeg_arrival_subterranean_lakeside_camping, serial_co_window_serial,
          co_window_paths_a, co_window_cross_1, co_window_paths_b,
          co_window_paths_a, co_window_cross_1, co_window_2corner,
          co_window_2corner, co_window_broadway_c, co_window_corner_b,
          co_window_corner_b, co_window_corner_b, co_window_corner_b,
          glass_columns_b, glass_columns_a, glass_columns_b, glass_columns_a
D:2:      minmay_misc_feat_alley, grunt_qazlal_sundering
D:3:      serial_glass, glass_columns_a, glass_columns_a, uniq_jessica
D:4:      first_ration, nicolae_ossuary_entry_plus, uniq_natasha, uniq_robin,
          uniq_blork_the_orc
Ossuary:  ossuary_due_cavern

Table legend:
 A = Turns spent in this place as a percentage of turns spent in the entire game.
 B = Non-inter-level travel turns spent in this place as a percentage of non-inter-level travel turns spent in the entire game.
 C = Inter-level travel turns spent in this place as a percentage of turns spent in this place.
 D = Turns resting spent in this place as a percentage of non-inter-level travel turns spent in this place.
 E = Turns spent auto-exploring this place as a percentage of non-inter-level travel turns spent in this place.
 F = Non-inter-level travel turns spent in this place divided by the number of levels of this place that you've seen.
                   A       B       C       D       E      F
               +-------+-------+-------+-------+-------+----------------------
         Total | 100.0 | 100.0 |   5.5 |  27.5 |  53.5 | 698.6
       Dungeon |  92.0 |  91.5 |   6.0 |  26.1 |  55.2 | 799.2
       Ossuary |   8.0 |   8.5 |   0.0 |  42.2 |  35.5 | 296.0
               +-------+-------+-------+-------+-------+----------------------

Table legend:
 A = Kills in this place as a percentage of kills in entire the game.
 B = Kills by you in this place as a percentage of kills by you in the entire game.
 C = Kills by friends in this place as a percentage of kills by friends in the entire game.
 D = Other kills in this place as a percentage of other kills in the entire game.
 E = Experience gained in this place as a percentage of experience gained in the entire game.
 F = Experience gained in this place divided by the number of levels of this place that you have seen.
                   A       B       C       D       E      F
               +-------+-------+-------+-------+-------+----------------------
         Total | 100.0 | 100.0 |   N/A |   N/A | 100.0 | 206.2
       Dungeon |  84.6 |  84.6 |   N/A |   N/A |  69.0 | 177.8
       Ossuary |  15.4 |  15.4 |   N/A |   N/A |  31.0 | 320.0
               +-------+-------+-------+-------+-------+----------------------
